 Dungeon Crawl Stone Soup version 0.25-a0-547-g27a0b5d (webtiles) character file.

Game seed: 13396744285033831941, levelgen mode: deterministic

2695 CanOfBees the Summoner (level 9, -1/52 HPs)
             Began as a Deep Elf Summoner on Feb 21, 2020.
             Was a Follower of Sif Muna.
             Slain by a two-headed ogre
             ... wielding a +0 giant club
              (11 damage)
             ... on level 8 of the Dungeon.
             The game lasted 00:18:07 (12453 turns).

CanOfBees the Summoner (Deep Elf Summoner)         Turns: 12453, Time: 00:18:08

Health: -1/52      AC:  6    Str:  5    XL:     9   Next: 38%
Magic:  23/23      EV: 13    Int: 24    God:    Sif Muna [*.....]
Gold:   329        SH:  0    Dex: 15    Spells: 7/24 levels left

rFire    . . .     SeeInvis .   P - +3 scimitar (flame)
rCold    . . .     Gourm    .   (no shield)
rNeg     . . .     Faith    .   g - +0 leather armour
rPois    .         Spirit   .   l - +1 hat
rElec    .         Reflect  .   (no cloak)
rCorr    .         Harm     .   u - +0 pair of gloves
MR       .....                  H - +0 pair of boots
Stlth    ++........             B - amulet of magic regeneration
HPRegen  0.17/turn              w - ring of wizardry
MPRegen  0.43/turn              (no ring)

@: no status effects
A: no striking features
a: Channel Magic, Renounce Religion


You were on level 8 of the Dungeon.
You worshipped Sif Muna.
Sif Muna was aware of your devotion.
You were near starving.

You visited 1 branch of the dungeon, and saw 9 of its levels.
You also visited: Ossuary.

You collected 439 gold pieces.
You spent 110 gold pieces at shops.

Inventory:

Hand Weapons
 b - a +2 whip of freezing
 e - a +0 rapier
 q - a +0 spear
 P - a +3 scimitar of flaming (weapon)
 Q - a +2 whip of electrocution
Missiles
 d - 248 stones
 k - 2 boomerangs
 o - 63 bolts
 r - 39 poisoned darts (quivered)
 s - 61 sling bullets
 y - 131 arrows
 A - 7 javelins
 U - 4 curare-tipped darts
Armour
 g - a +0 leather armour (worn)
 l - a +1 hat (worn)
 u - a +0 pair of gloves (worn)
 H - a +0 pair of boots (worn)
 S - a +0 helmet
Jewellery
 w - a ring of wizardry (left hand)
 z - an uncursed amulet of guardian spirit
 B - an amulet of magic regeneration (around neck)
 O - an uncursed ring of fire
Wands
 M - a wand of acid (8)
 R - a wand of enslavement (14)
 T - a wand of digging (7)
Scrolls
 a - 2 scrolls of teleportation
 i - 4 scrolls of remove curse
 j - a scroll of holy word {unknown}
 n - 3 scrolls of fear {unknown}
 t - 4 scrolls of random uselessness {unknown}
 G - 2 scrolls of fog {unknown}
 I - 4 scrolls of magic mapping
 J - a scroll of amnesia {unknown}
 K - a scroll of enchant armour {unknown}
 L - 2 scrolls of enchant weapon {unknown}
Potions
 f - a potion of berserk rage
 h - 3 potions of curing
 m - 2 potions of mutation {unknown}
 p - a potion of magic {unknown}
 v - a potion of cancellation {unknown}
 x - 3 potions of might
 C - 2 potions of heal wounds {unknown}
 D - a potion of haste
 E - 2 potions of resistance
 F - 2 potions of lignification
 N - a potion of brilliance {unknown}
 V - a potion of degeneration {unknown}
Comestibles
 c - 22 rations


   Skills:
 + Level 4.5 Fighting
 - Level 4.0 Armour
 - Level 4.0 Dodging
 - Level 2.4 Stealth
 + Level 8.0 Spellcasting
 + Level 8.8 Summonings
 * Level 0.0 Ice Magic
 - Level 4.1 Air Magic


You had 7 spell levels left.
You knew the following spells:

 Your Spells              Type           Power        Failure   Level  Hunger
a - Summon Small Mammal   Summ           ####         1%          1    None
b - Call Imp              Summ           ######..     1%          2    None
c - Call Canine Familiar  Summ           ######..     1%          3    None
d - Summon Lightning Spi  Summ/Air       #####...     2%          4    ##.....
e - Summon Ice Beast      Ice/Summ       ####....     6%          4    ##.....
f - Summon Guardian Gole  Hex/Summ       ####....     1%          3    None

Your spell library contained the following spells:

 Spells                   Type           Power        Failure   Level  Hunger


Dungeon Overview and Level Annotations

Branches:
Dungeon (9/15)             Temple (0/1) D:7            Lair (0/6) D:8
Ossuary (visited)
    Orc: D:9-12

Altars:
Dithmenos
Elyvilon
Fedhas
Gozag
Kikubaaqudgha
Okawaru
Ru
Sif Muna
Uskayaw
Xom
Yredelemnul
The Shining One

Shops:
D:6 ?

Annotations:
D:3 2 transporters


Message History

HP restored.
You start waiting.
You are near starving!
There is an opulent altar of Gozag here.
There is a stone staircase leading down here.
You climb downwards.
There is a stone staircase leading up here.
The two-headed ogre hits you with a +0 giant club!
The two-headed ogre hits you with a +0 giant club.
You climb upwards.
There is a stone staircase leading down here.
As you read the scroll of teleportation, it crumbles to dust.
You feel strangely unstable.
The two-headed ogre hits you with a +0 giant club.
The two-headed ogre barely misses you.
Your surroundings suddenly seem different.
The two-headed ogre hits you with a +0 giant club! x2
* * * LOW HITPOINT WARNING * * *
The two-headed ogre hits you with a +0 giant club!
You die...

.# #.......##.# #.#
.# #.####..)#.# #.#
.# #.# #.#.#.#
#####.# .# #.#
#.#.#.# #.....#
.#######.# #.#[#.#
#.....# .........#
#.#.).# #.....#
...####### #.##..#
#....[# ##.#
####.##..# #####.#
+..# #....##@.# #.#
##.#
#####'#####O.######
###.# ##.# #......#
#........# #....
#### #......#
#........# #.#.# #
###......#
#........# #.#.# #
#......<.#
#........######'#.#
####........#
#..>.....#........#
...'...######
###.######....)...'
####...######## #.#
#........#


You could see a two-headed ogre.

Vanquished Creatures
  A centaur (D:8)
  3 killer bees (D:7)
  A scorpion (D:8)
  An orc wizard (D:8)
  A bullfrog skeleton (D:8)
  A human zombie (Ossuary)
  A worker ant (D:7)
  A gnoll (D:8)
  An ooze (D:1)
  2 worms (D:5)
  An orc (D:8)
  A bat (D:3)
  A bat zombie (D:6)
  2 giant cockroaches
  A goblin (D:2)
  A kobold (D:3)
  A ball python (D:1)
  3 frilled lizards
  A hobgoblin zombie (Ossuary)
  3 kobold zombies (Ossuary)
  2 orc zombies (Ossuary)
  3 rats
  2 rat zombies
35 creatures vanquished.

Vanquished Creatures (collateral kills)
  Erica (D:8)
  A two-headed ogre (D:5)
  Pikel (D:8)
  Grinder (D:5)
  Sigmund (D:2)
  A hungry ghost (D:8)
  An ice beast (D:5)
  A slave (D:8)
  2 ogres (D:8)
  A necrophage (D:7)
  A centaur (D:6)
  An elf zombie (Ossuary)
  Blork the orc (D:5)
  3 bullfrogs
  2 killer bees (D:7)
  3 howler monkeys
  2 jellies
  2 crimson imps
  2 human zombies (Ossuary)
  A hound (D:6)
  2 orc priests
  4 orc wizards
  2 gnoll shamans
  2 bullfrog skeletons
  Ijyb (D:5)
  3 worker ants
  A killer bee zombie (D:7)
  2 mummies (Ossuary)
  2 worker ant zombies (D:6)
  8 gnolls
  5 adders
  A shadow imp (D:6)
  An adder zombie (Ossuary)
  2 worms (D:4)
  5 leopard geckos
  20 orcs
  A bat zombie (D:6)
  2 giant cockroaches
  3 goblins
  5 hobgoblins
  2 jackals
  3 quokkas (D:3)
  2 ball pythons
  5 bats
  2 frilled lizards
  9 hobgoblin zombies (Ossuary)
  A jackal skeleton (D:4)
  4 jackal zombies (Ossuary)
  7 kobolds
  6 kobold zombies (Ossuary)
  6 orc zombies (Ossuary)
  4 rats
  A rat zombie (D:6)
153 creatures vanquished.

Vanquished Creatures (others)
  2 slaves (D:8)
2 creatures vanquished.

Grand Total: 190 creatures vanquished

Notes
Turn   | Place    | Note
-------+----------+-------------------------------------------
     0 | D:1      | CanOfBees the Deep Elf Summoner began the quest for the
                  | Orb.
     0 | D:1      | Reached XP level 1. HP: 10/10 MP: 6/6
   933 | D:1      | Reached XP level 2. HP: 15/16 MP: 5/8
   937 | D:1      | Learned a level 2 spell: Call Imp
  1466 | D:2      | Found a glowing golden altar of the Shining One.
  1468 | D:2      | Found an iron altar of Okawaru.
  1904 | D:2      | Found a white marble altar of Elyvilon.
  1964 | D:2      | Noticed Sigmund
  1973 | D:2      | Killed Sigmund
  1973 | D:2      | Reached skill level 1 in Fighting
  1973 | D:2      | Reached skill level 5 in Summonings
  1973 | D:2      | Reached XP level 3. HP: 20/20 MP: 5/10
  1973 | D:2      | Reached XP level 4. HP: 25/25 MP: 5/11
  2022 | D:2      | Learned a level 3 spell: Call Canine Familiar
  2027 | D:2      | Learned a level 4 spell: Summon Lightning Spire
  2088 | D:2      | Found a faded altar of an unknown god.
  2365 | D:3      | Found a sacrificial altar of Ru.
  3013 | D:3      | Found a hide-covered altar of Uskayaw.
  3015 | D:3      | Found a transporter.
  3030 | D:3      | Found a transporter.
  3650 | D:4      | Reached XP level 5. HP: 29/29 MP: 10/13
  5429 | D:5      | Entered Level 5 of the Dungeon
  5429 | D:5      | Noticed Grinder
  5460 | D:5      | Reached skill level 1 in Air Magic
  5465 | D:5      | Noticed Ijyb
  5497 | D:5      | Killed Ijyb
  5763 | D:5      | Found a sand-covered staircase.
  5767 | Ossuary  | Entered an ossuary
  5880 | Ossuary  | Reached XP level 6. HP: 33/35 MP: 14/14
  6275 | D:5      | Noticed an ice beast
  6288 | D:5      | Killed an ice beast
  6553 | D:5      | Found a shimmering altar of Xom.
  6565 | D:5      | Noticed a two-headed ogre
  6749 | D:5      | Noticed Blork the orc
  6753 | D:5      | Killed Grinder
  6753 | D:5      | Reached skill level 1 in Armour
  6753 | D:5      | Reached skill level 5 in Spellcasting
  6753 | D:5      | Reached XP level 7. HP: 36/40 MP: 13/16
  6760 | D:5      | Killed Blork the orc
  7081 | D:5      | Killed a two-headed ogre
  7234 | D:5      | Found a shadowy altar of Dithmenos.
  7417 | D:5      | Learned a level 4 spell: Summon Ice Beast
  7687 | D:6      | Reached XP level 8. HP: 10/45 MP: 16/18
  7927 | D:6      | Found Hesyisk's Magic Scroll Emporium.
  7938 | D:6      | Bought a scroll of identify for 20 gold pieces
  7938 | D:6      | Bought a scroll of identify for 20 gold pieces
  7938 | D:6      | Bought a scroll of remove curse for 30 gold pieces
  7938 | D:6      | Bought a scroll of identify for 20 gold pieces
  7938 | D:6      | Bought a scroll of identify for 20 gold pieces
  7948 | D:6      | Found a shimmering blue altar of Sif Muna.
  7948 | D:6      | Found a blossoming altar of Fedhas.
  7949 | D:6      | Found a basalt altar of Yredelemnul.
  7954 | D:6      | Became a worshipper of Sif Muna the Loreminder
  8009 | D:6      | Found an ancient bone altar of Kikubaaqudgha.
  9453 | D:7      | Found a staircase to the Ecumenical Temple.
  9841 | D:7      | Reached * piety under Sif Muna
 10240 | D:7      | Learned a level 3 spell: Summon Guardian Golem
 10382 | D:8      | Found an opulent altar of Gozag.
 10437 | D:8      | Found a staircase to the Lair.
 10881 | D:8      | Noticed Erica
 10896 | D:8      | Killed Erica
 10896 | D:8      | Reached XP level 9. HP: 52/52 MP: 20/22
 11380 | D:8      | Noticed Pikel
 11386 | D:8      | Killed Pikel
 12163 | D:9      | Noticed a two-headed ogre
 12453 | D:8      | Slain by a two-headed ogre

Levels and vault maps discovered:
D:1:      dpeg_arrival_brainrot, layout_basic
D:2:      layout_basic, grunt_temple_overflow_open, elyvilon_altar_5,
          chequers_ecumenical_altar_twisty, uniq_sigmund
D:3:      layout_basic, gammafunk_temple_overflow_arena,
          nicolae_ru_great_annihilating_truth
D:4:      layout_loops_ring
D:5:      layout_loops_ring, grunt_dithmenos_smoke_and_mirrors,
          old_standard_altar, nicolae_ossuary_entry_false_entrances,
          first_ration, hangedman_decor_lopped, uniq_blork_the_orc, uniq_ijyb,
          uniq_grinder
D:6:      cheibrodos_barr_body, layout_basic,
          gammafunk_temple_overflow_forgotten,
          lemuel_zombie_altar_kikubaaqudgha, serial_shops, shop,
          minmay_misc_feat_x, minmay_misc_feat_room
D:7:      layout_basic, minmay_temple_entry_grid, corexii_leaking_fountain
D:8:      layout_basic, lemuel_crystal_altar, lair_entry_dummy, uniq_erica,
          uniq_pikel
D:9:      layout_basic, zin_purify, serial_shops, shop, grunt_pizzeria,
          minmay_statue_crystal_thing

Skill      XL: |  1  2  3  4  5  6  7  8  9 |
---------------+----------------------------+-----
Fighting       | 1 2 4 |  4.5
Dodging        | 3 4 |  4.0
Summonings     | 5 6 7 8 |  8.8
Spellcasting   | 4 5 7 8 |  8.0
Air Magic      | 1 2 3 4 |  4.1
Armour         | 1 2 4 |  4.0
Stealth        | |  2.4

Action                   |  1- 3 |  4- 6 |  7- 9 || total
-------------------------+-------+-------+-------++-------
Melee: Dagger            |    38 |   134 |       ||   172
       Unarmed           |     5 |       |       ||     5
       Rapier            |       |    15 |    72 ||    87
       Scimitar          |       |       |    12 ||    12
Throw: Stone             |     1 |     1 |     2 ||     4
       Dart              |       |       |     9 ||     9
 Cast: Summon Small Mamm |    28 |     1 |     1 ||    30
       Call Imp          |    13 |    31 |    17 ||    61
       Call Canine Famil |       |    17 |    13 ||    30
       Summon Lightning  |       |    14 |    11 ||    25
       Summon Ice Beast  |       |       |    11 ||    11
Evoke: Wand              |       |     3 |     3 ||     6
  Use: Scroll            |       |     9 |     6 ||    15
       Potion            |       |     1 |     1 ||     2
 Stab: Paralysed         |       |     1 |       ||     1
       Sleeping          |       |     1 |       ||     1
       Distracted        |       |     3 |       ||     3
  Eat: Chunk             |     4 |    10 |    13 ||    27
       Ration            |       |     2 |     2 ||     4
Armor: Robe              |     7 |       |       ||     7
       Leather armour    |     2 |    37 |    32 ||    71
Dodge: Dodged            |    42 |    95 |    92 ||   229
       Rpst.: Scimitar   |       |       |     3 ||     3

Table legend:
 A = Non-vault XP
 B = Vault XP
 C = Vault XP percentage of total XP
 D = Non-vault monster count
 E = Vault monster count
 F = Vault count percentage of total count
                 A         B        C        D         E       F
            +---------+---------+-------+---------+---------+-------
      Total |    2147 |    1703 |  44.2 |     124 |      63 |  33.7
            +---------+---------+-------+---------+---------+-------
        D:1 |      25 |       1 |   3.8 |      20 |       1 |   4.8
        D:2 |      11 |     103 |  90.4 |       8 |       1 |  11.1
        D:3 |      24 |      23 |  48.9 |      15 |       4 |  21.1
        D:4 |     118 |       0 |   0.0 |      20 |       0 |   0.0
        D:5 |     653 |     241 |  27.0 |      15 |       3 |  16.7
        D:6 |     160 |     195 |  54.9 |      11 |      13 |  54.2
        D:7 |     532 |       0 |   0.0 |      15 |       0 |   0.0
        D:8 |     624 |     956 |  60.5 |      20 |       2 |   9.1
    Ossuary |       0 |     184 | 100.0 |       0 |      39 | 100.0
            +---------+---------+-------+---------+---------+-------
